 Dungeon Crawl Stone Soup version 0.19-a0-738-g3c61671 (webtiles) character file.

17 AlphabetPasta the Chucker (level 2, 0/25 HPs)
             Began as a Minotaur Hunter on June 22, 2016.
             Succumbed to an adder's poison
             ... on level 2 of the Dungeon.
             The game lasted 00:02:47 (623 turns).

AlphabetPasta the Chucker (Minotaur Hunter)          Turns: 623, Time: 00:02:48

Health: 0/25       AC:  3    Str: 16    XL:     2   Next: 44%
Magic:  1/1        EV: 17    Int:  8    God:
Gold:   14         SH:  4    Dex: 15    Spells: 0 memorised, 1 level left

rFire  . . .     SeeInvis .     a - +0 short sword
rCold  . . .     Gourm    .     b - +0 leather armour
rNeg   . . .     Faith    .     e - +0 buckler
rPois  .         Spirit   .     (helmet restricted)
rElec  .         Dismiss  .     (no cloak)
rCorr  .         Reflect  .     (no gloves)
SustAt .         Harm     .     (no boots)
MR     .....                    (no amulet)
Stlth  ++........               (no ring)
                                (no ring)

@: agile, lethally poisoned (0 -> -12), not resistant to hostile enchantments,
unstealthy
A: retaliatory headbutt, horns 2
a: no special abilities


You were on level 2 of the Dungeon.
You were not hungry.

You visited 1 branch of the dungeon, and saw 2 of its levels.

You collected 14 gold pieces.

Inventory:

Hand Weapons
 a - a +0 short sword (weapon)
 n - a +0 club
Missiles
 d - 2 throwing nets (quivered)
Armour
 b - a +0 leather armour (worn)
 e - a +0 buckler (worn)
Jewellery
 i - an uncursed ring of wizardry {unknown}
 l - an uncursed ring of sustain attributes {unknown}
Scrolls
 j - a scroll of noise {unknown}
 m - a scroll of teleportation {unknown}
 o - a scroll of fear {unknown}
 p - a scroll of enchant weapon {unknown}
Comestibles
 f - 2 bread rations
 k - 2 meat rations
 q - a royal jelly
 r - a beef jerky
 s - 5 chunks of flesh


   Skills:
 + Level 2.6 Fighting
 * Level 0.8 Maces & Flails
 * Level 4.0 Throwing
 + Level 0.5 Armour
 + Level 2.5 Dodging
 - Level 0.7 Stealth
 + Level 1.0 Shields


You had one spell level left.
You didn't know any spells.

Dungeon Overview and Level Annotations

Branches:
Dungeon (2/15)

Altars:

Annotations:
D:2 Ijyb


Innate Abilities, Weirdness & Mutations

You reflexively headbutt those who attack you in melee.
You have a pair of horns on your head.


Message History

The adder is almost dead.
You block Ijyb's attack. The adder bites you.
You are more poisoned.
The adder poisons you!
You miss the adder.
You headbutt the adder, but do no damage.
The adder is almost dead.
You feel sick. The adder bites you.
You are more poisoned.
The adder poisons you! Ijyb closely misses you. You furiously retaliate!
You headbutt Ijyb. The adder bites you.
* * * LOW HITPOINT WARNING * * *
It was a potion of magic.
Magic courses through your body.
* * * LOW HITPOINT WARNING * * *
You feel sick. Ijyb hits you with a club.
* * * LOW HITPOINT WARNING * * *
The adder barely misses you.
It was a potion of agility.
You feel agile all of a sudden.
You die...

..## ##.# .#
...##..##.# .# ##
#.........##.##.. #
#.#.....##....?.#
##.###......##........
...#........#.........
............#.........
......#.##............
...#...#....@g.....((
. #...#>..#.S.?.(..(
#.<.#...##........
##.#######........ #.#
...[..... #.#
......... #..
......... ....
.......... .....


You could see Ijyb and an adder.

Vanquished Creatures
  An ooze (D:2)
  A goblin (D:1)
  A hobgoblin (D:1)
  4 jackals (D:1)
  A quokka (D:2)
  A bat (D:1)
  A giant newt (D:1)
  2 rats (D:1)
12 creatures vanquished.

Notes
Turn   | Place    | Note
--------------------------------------------------------------
     0 | D:1      | AlphabetPasta the Minotaur Hunter began the quest for the Orb.
     0 | D:1      | Reached XP level 1. HP: 18/18 MP: 0/0
   367 | D:1      | Reached skill level 1 in Shields
   435 | D:1      | Reached XP level 2. HP: 25/25 MP: 1/1
   610 | D:2      | Noticed Ijyb
   622 | D:2      | HP: 1/25 [Ijyb/club (3)]
   623 | D:2      | Succumbed to an adder's poison

Vault maps used:
D:1:      erik_arrival_triangle_small, minmay_misc_feat_cross
D:2:      led_sif_pool, ecumenical_altar_1, minmay_snake_closets, uniq_jessica,
          uniq_iyjb

Skill      XL: |  1 |
---------------+----+-----
Shields        | 1 |  1.0
Fighting       | |  2.6
Maces & Flails | |  0.8
Throwing       | |  4.0
Armour         | |  0.5
Dodging        | |  2.5
Stealth        | |  0.7

Action                   || total
-------------------------++-------
Melee: Short sword       ||    30
       Headbutt          ||     4
Throw: Javelin           ||    10
  Use: Potion            ||     2
 Stab: Sleeping          ||     1
Armor: Leather armour    ||     8
Dodge: Dodged            ||    19
Block: Buckler           ||     4
